 Dungeon Crawl Stone Soup version 0.30.0-10-gfe55d96785 (webtiles) character file.

Game seed: 12905745817299619035

209 Aneyh the Poker (level 5, 0/32 HPs)
             Began as a Tengu Fighter on May 12, 2023.
             Slain by Ijyb
             ... wielding a +1 dagger of venom
              (4 damage)
             ... on level 4 of the Dungeon on May 16, 2023.
             The game lasted 00:05:36 (2111 turns).

Aneyh the Poker (Tengu Fighter)                     Turns: 2111, Time: 00:05:39

Health: 0/32       AC:  8    Str: 18    XL:     5   Next: 87%
Magic:  6/6        EV: 10    Int:  8    God:
Gold:   152        SH:  5    Dex: 14    Spells: 4/4 levels left

rFire   . . .        a - +0 trident
rCold   . . .        c - +0 buckler
rNeg    . . .        b - +0 scale mail
rPois   .            (helmet restricted)
rElec   .            m - +0 cloak
rCorr   .            (no gloves)
SInv    .            (boots unavailable)
Will    .....        (no amulet) Stlth
                     (no ring)
HPRegen 0.25/turn    (no ring)
MPRegen 0.10/turn

%: no passive effects
@: mighty, lethally poisoned (0 -> -5), flying quickly and evasively, quick
A: beak, talons 3, nimble flight
a: no special abilities


You were on level 4 of the Dungeon.
You visited 1 branch of the dungeon, and saw 4 of its levels.

You collected 152 gold pieces.

Inventory:

Hand Weapons
 a - a +0 trident (weapon)
 f - a +1 dagger of electrocution
Armour
 b - a +0 scale mail (worn)
 c - a +0 buckler (worn)
 m - a +0 cloak (worn)
Jewellery
 p - a +4 ring of slaying
Scrolls
 e - 3 scrolls of identify {unknown}
 h - 2 scrolls of teleportation {unknown}
 l - a scroll of enchant armour {unknown}
Potions
 g - a potion of heal wounds {unknown}
 i - 3 potions of curing {unknown}
 j - a potion of haste {unknown}
 k - a potion of brilliance {unknown}
 o - a potion of invisibility {unknown}
 q - a potion of attraction {unknown}
 r - a potion of mutation {unknown}
 s - 2 potions of degeneration {unknown}


   Skills:
 - Level 3.0 Fighting
 + Level 6.5 Polearms
 - Level 3.2 Armour
 - Level 3.0 Shields


You had 4 spell levels left.
You didn't know any spells.
Your spell library contained the following spells:

 Spells                   Type           Power      Damage    Failure   Level
 Ignite Poison            Fire/Tmut/Pois 0%         N/A       99%         3
 Sticky Flame             Conj/Fire      0%         2d3       100%        4
 Ignition                 Fire           0%         3d3       100%        8


Dungeon Overview and Level Annotations

Branches:
Dungeon (4/15)
 Temple: D:4-7

Altars:

Shops:
D:1 :   D:3 =

Annotations:
D:3 1 runed translucent door, Crazy Yiuf
D:4 Ijyb


Innate Abilities, Weirdness & Mutations

You have a beak for a mouth.
You have claws for feet.
Your magical nature lets you fly swiftly and evasively.


Message History

Unknown command.
Nothing quivered!
Unknown command.
You escape the roots grasp.
Ijyb zaps a wand.
The roots erupt in riotous growth!
The grasping roots grab you! The grasping roots constrict you.
You see here a poisoned dart.
You escape the roots grasp.
You reach to attack!
You hit Ijyb but do no damage.
Ijyb is lightly wounded.
Ijyb zaps a wand.
The roots erupt in riotous growth!
The grasping roots grab you! The grasping roots constrict you.
You reach to attack!
You hit Ijyb but do no damage.
Ijyb is moderately wounded.
Ijyb looks more healthy.
The grasping roots constrict you.
You barely miss Ijyb. Your peck misses Ijyb.
Ijyb is moderately wounded.
You block Ijyb's attack. The grasping roots constrict you.
You completely miss Ijyb. Your peck misses Ijyb.
Ijyb is moderately wounded.
Ijyb hits you with a +1 dagger of venom.
You are poisoned.
The grasping roots constrict you.
You are too injured to fight recklessly!
You are too injured to fight recklessly!
You are too injured to fight recklessly!
You feel very mighty all of a sudden.
You feel very sick. Ijyb barely misses you. The grasping roots constrict you.
* * * LOW HITPOINT WARNING * * *
The grasping roots release their grip on you.
You barely miss Ijyb.
Ijyb is moderately wounded.
* * * LOW HITPOINT WARNING * * *
You feel sick.
Ijyb grins evilly.
Ijyb hits you with a +1 dagger of venom.
You die...

##########
####........#####
#...............#
#...............#
#...............#
#.........(.....#
####..........<†...##
#...(.g@(.....†.....#
##.#...(............#
#................#
#................#
#................#
#................#
#................#
.#.#+#####$#####.#


You could see Ijyb.

Vanquished Creatures
  A jelly (D:4)
  Jessica (D:3)
  An orc wizard (D:3)
  4 adders
  2 worms (D:2)
  A dart slug (D:2)
  4 orcs (D:3)
  5 endoplasms
  A giant cockroach (D:2)
  9 goblins
  7 hobgoblins
  4 jackals (D:4)
  4 quokkas (D:1)
  10 ball pythons
  6 bats
  3 frilled lizards
  9 kobolds
  7 rats
79 creatures vanquished.

Notes
Turn   | Place    | Note
-------+----------+-------------------------------------------
     0 | D:1      | Aneyh the Tengu Fighter began the quest for the Orb.
     0 | D:1      | Reached XP level 1. HP: 14/14 MP: 2/2
    54 | D:1      | Found a faded altar of an unknown god.
    59 | D:1      | Reached skill level 3 in Polearms
    59 | D:1      | Reached XP level 2. HP: 19/19 MP: 3/3
    69 | D:1      | Found Peroujag's Book Shoppe.
    77 | D:1      | Upgraded the game from 0.30.0-5-g1a98f26d00 to
                  | 0.30.0-10-gfe55d96785
   163 | D:1      | Reached XP level 3. HP: 16/23 MP: 4/4
   382 | D:1      | Reached skill level 4 in Polearms
   603 | D:2      | Reached XP level 4. HP: 28/28 MP: 5/5
   664 | D:2      | Reached skill level 5 in Polearms
  1065 | D:3      | Found Atolosia's Jewellery Shoppe.
  1186 | D:3      | Gained mutation: Your magical nature lets you fly swiftly
                  | and evasively. [Tengu growth]
  1186 | D:3      | Reached XP level 5. HP: 15/32 MP: 6/6
  1257 | D:3      | Noticed Jessica
  1268 | D:3      | Killed Jessica
  1269 | D:3      | Reached skill level 6 in Polearms
  2028 | D:3      | Found a runed translucent door.
  2029 | D:3      | Noticed Crazy Yiuf
  2101 | D:4      | Noticed Ijyb
  2111 | D:4      | Slain by Ijyb

Illustrated notes

Levels and vault maps discovered:
D:1:      dpeg_arrival_connections, layout_basic, ebering_ecumenical_altar_mist,
          serial_shops, shop, minmay_misc_feat_pillars,
          hangedman_abyss_or_decor_lesser_grid, fountainhead, chequers_avenue
D:2:      minmay_kobold_bridge, layout_rooms, minmay_misc_feat_tiny,
          minmay_tromino_v7
D:3:      layout_basic, serial_shops, shop, uniq_jessica,
          uniq_crazy_yiuf_cottage
D:4:      layout_basic, serial_shops, shop, hangedman_abyss_or_decor_stabs,
          minmay_crystal_water, minmay_fractal_squares_diagonal_5, uniq_ijyb

Skill      XL: |  1  2  3  4  5 |
---------------+----------------+-----
Polearms       | 3 4 5 6 |  6.5
Fighting       | |  3.0
Armour         | |  3.2
Shields        | |  3.0

Action                     |  1- 3 |  4- 6 || total
---------------------------+-------+-------++-------
  Melee: Trident           |    76 |   113 ||   189
         Kick              |    12 |    20 ||    32
         Peck              |     8 |    19 ||    27
  Throw: Dart              |       |     9 ||     9
    Use: Potion            |       |     1 ||     1
 Armour: Scale mail        |    22 |    47 ||    69
  Dodge: Dodged            |    25 |    31 ||    56
  Block: Buckler           |    10 |    20 ||    30
